TKirby, lawful female dwarven Valkyrie -------------- ------------ ----- |.........`...########|.d.........########|.(.| ----------- |............| #|@d........| #..>..#########-.........| |.............# #|dd......... #|...|## |.........| |............|# #--.--------- #|....## |.........| ----------.---# #####################|...|# -------.--- # # # -----# # ### # # # ### # # # # # ####### ### # # ### ---|----- # # # # |.....?.| ### # # # ########## |....?.[| # ---|---.--- #--.--------- |.%.[..(| ##-.........| #|..........| |[%[%...| |..........#################...........| |..%)!..| |....<....| |..........| --------- ----------- ------------ TKirby the Skirmisher Experience level: 4 Strength: 18/01 Dexterity: 14 Constitution: 17 Intelligence: 7 Wisdom: 9 Charisma: 10 Health: 19(39) Energy: 4(4) Def: 4 Gold: 75 Moves: 3882 Dungeon seed: mIyazfaU9zoqdMvk Game ID: TKirby_1506972788 Your Inventory: Coins $ - 75 gold pieces Weapons a - a corroded +1 long sword (weapon in hand) b - a blessed +0 dagger (in quiver) G - a +0 scimitar Armor e - an uncursed +3 small shield (being worn) Scrolls C - an uncursed scroll of earth Spellbooks F - an uncursed spellbook of jumping Wands j - a wand of light (0:14) D - a wand of digging (0:6) Tools d - an uncursed skeleton key B - an uncursed bag of holding E - an uncursed skeleton key Gems n - an uncursed worthless piece of red glass q - an uncursed worthless piece of blue glass Contents of the bag of holding: an uncursed scroll of teleportation an uncursed potion of water an uncursed ring of see invisible Spells and supernatural/magical abilities: Name Level Category Fail Memory W - pray for help -- divine ? -- Your skills at the end: Fighting Skills Weapon Skills dagger [Basic] long sword [Basic] Spellcasting Skills Final Attributes: You were piously aligned. You were cold resistant. You had infravision. You were stealthy. You survived. Vanquished creatures: a large mimic a floating eye a wererat a werejackal 2 iguanas 2 acid blobs 2 gas spores a manes a large kobold a hobgoblin 4 giant rats 3 cave spiders a brown mold 2 gnome zombies 4 geckos 2 jackals a fox a goblin 3 sewer rats 8 grid bugs a lichen a kobold zombie 6 newts 50 creatures vanquished. Voluntary challenges: You had followed a strict vegan diet until turn 2060. You had followed a strict vegetarian diet until turn 2060. You used a wielded weapon 49 times, starting on turn 67. You read items or engraved 6 times, starting on turn 1256. You never genocided any monsters. You never polymorphed an object. You changed form 1 time, starting on turn 2890. You used no wishes. You never split a pudding. You never wrote Elbereth's name. You never violated your personal moral code. Dungeon overview: The Dungeons of Doom: levels 1 to 5 Level 1 a long staircase Level 2 Level 3 <- You were here a general store Level 4 a general store, a fountain stairs to The Gnomish Mines Level 5 The Gnomish Mines: Level 5 stairs to The Dungeons of Doom History has recorded: On T:1 you entered the Dungeons of Doom to retrieve the Amulet of Yendor! On T:433 you reached level 2 of The Dungeons of Doom. On T:843 you reached level 3 of The Dungeons of Doom. On T:1235 you advanced to experience level 2. On T:1490 you advanced to experience level 3. On T:1773 you reached level 4 of The Dungeons of Doom. On T:2055 you advanced to experience level 4. On T:3060 you reached level 5 of The Dungeons of Doom. On T:3552 you reached level 1 of The Gnomish Mines. Score breakdown: Gold: 75 ( 6397 points) Experience: 4 levels ( 9649 points) Exploration: 5 levels ( 10.64%) ( 8846 points) Discoveries: 10 items ( 4.07%) ( 6048 points) Valuables value: (no points given unless you survive) Artifact value: 0 ( 0 points) Variety of kills: 23 monsters ( 6.04%) ( 7370 points) Turncount: 3882 turns ( -980 points) Survival: quit (score multiplied by 90%) Total score: 33597 Latest messages: The scimitar misses the floating eye. You are beginning to feel hungry. You kill the acid blob! You are splashed by its acid! Your long sword corrodes! You hear someone cursing shoplifters. G - a scimitar. b - a blessed +0 dagger (in quiver). A lit field surrounds you! That is a silly thing to zap. You hear a jackal howling at the moon. The werejackal hits! (3x) The werejackal changes into a jackal. You miss the werejackal. The werejackal summons help! The werejackal bites! You kill the werejackal! The jackal misses. The jackal bites! (2x) Final status: Farvel TKirby the Valkyrie, quit... You quit in The Dungeons of Doom on dungeon level 3 with 33597 points, and 75 pieces of gold, after 3882 moves. You were level 4 with a maximum of 39 hit points when you quit.